MAA
VIRGINIA BEACH DEUCES @ SAN BERNARDINO GRASSHOPPERS
09/25/2019
 
TOP OF THE 1ST
Virginia Beach Deuces batting - Pitching for San Bernardino Grasshoppers : RHP Eric Clark
Pitching: RHP Eric Clark
Batting: RHB Joel Frazier 0-0: Called Strike
0-1: Bunted foul
0-2: Ground out 1-3 (Groundball, 13S)
Batting: RHB Scott Miller 0-0: Ball
1-0: Ball
2-0: Foul Ball, location: 2F
2-1: Called Strike
2-2: Ball
3-2: Fly out, F5 (Line Drive, 56)
Batting: RHB Javier Santos 0-0: Ball
1-0: Ground out 6-3 (Groundball, 6)
Top of the 1st over - 0 run(s), 0 hit(s), 0 error(s), 0 left on base; Virginia Beach 0 - San Bernardino 0
BOTTOM OF THE 1ST
San Bernardino Grasshoppers batting - Pitching for Virginia Beach Deuces : RHP Felipe Cavazos
Pitching: RHP Felipe Cavazos
Batting: RHB Alfonso Enríquez 0-0: Foul Ball, location: 2F
0-1: Ball
1-1: SOLO HOME RUN (Flyball, 7D), Distance : 388 ft
Batting: LHB Jesús Reyes 0-0: Bunted foul
0-1: Swinging Strike
0-2: Strikes out swinging
Batting: RHB Shawn Hicks 0-0: Ball
1-0: Ball
2-0: Called Strike
2-1: Foul Ball, location: 2F
2-2: Fly out, F5 (Line Drive, 5)
Batting: RHB Reggie Kahn 0-0: Ball
1-0: Ball
2-0: Ball
3-0: Called Strike
3-1: Ground out 6-3 (Groundball, 56)
Bottom of the 1st over - 1 run(s), 1 hit(s), 0 error(s), 0 left on base; Virginia Beach 0 - San Bernardino 1
TOP OF THE 2ND
Virginia Beach Deuces batting - Pitching for San Bernardino Grasshoppers : RHP Eric Clark
Batting: LHB Álex Burgos 0-0: Foul Ball, location: 2F
0-1: Foul Ball, location: 2F
0-2: Ball
1-2: Ball
2-2: Ball
3-2: Fly out, F8 (Flyball, 8LM)
Batting: RHB Lorenzo Ramírez 0-0: Ball
1-0: Called Strike
1-1: Swinging Strike
1-2: Strikes out swinging
Batting: LHB Carl Gore 0-0: Ball
1-0: Swinging Strike
1-1: Ball
2-1: Ball
3-1: Base on Balls
Batting: RHB Álex Escobar 0-0: Foul Ball, location: 2F
0-1: Swinging Strike
0-2: Strikes out looking
Top of the 2nd over - 0 run(s), 0 hit(s), 0 error(s), 1 left on base; Virginia Beach 0 - San Bernardino 1
BOTTOM OF THE 2ND
San Bernardino Grasshoppers batting - Pitching for Virginia Beach Deuces : RHP Felipe Cavazos
Batting: SHB Joreão Canosa 0-0: Ball
1-0: Ground out U3 (Groundball, 3)
Batting: RHB Justin Roberts 0-0: SOLO HOME RUN (Flyball, 78XD), Distance : 410 ft
Batting: RHB Sergio Ortíz 0-0: Called Strike
0-1: Ground out 5-3 (Groundball, 56)
Batting: RHB José Paz 0-0: Called Strike
0-1: Ground out 5-3 (Groundball, 5S)
Bottom of the 2nd over - 1 run(s), 1 hit(s), 0 error(s), 0 left on base; Virginia Beach 0 - San Bernardino 2
TOP OF THE 3RD
Virginia Beach Deuces batting - Pitching for San Bernardino Grasshoppers : RHP Eric Clark
Batting: RHB Marcox Fiadeiro 0-0: Foul Ball, location: 2F
0-1: Ball
1-1: Foul Ball, location: 2F
1-2: Ball
2-2: Fly out, F8 (Flyball, 8RS)
Batting: RHB Derrek Church 0-0: Ball
1-0: Called Strike
1-1: Ground out 6-3 (Groundball, 6M)
Batting: RHB Joel Frazier 0-0: Ball
1-0: Called Strike
1-1: Ball
2-1: Foul Ball, location: 2F
2-2: Fly out, F7 (Flyball, 7M)
Top of the 3rd over - 0 run(s), 0 hit(s), 0 error(s), 0 left on base; Virginia Beach 0 - San Bernardino 2
BOTTOM OF THE 3RD
San Bernardino Grasshoppers batting - Pitching for Virginia Beach Deuces : RHP Felipe Cavazos
Batting: RHB Alfonso López 0-0: Ball
1-0: Called Strike
1-1: Swinging Strike
1-2: Ball
2-2: Strikes out swinging
Batting: RHB Alfonso Enríquez 0-0: Ball
1-0: Ball
2-0: Foul Ball, location: 2F
2-1: Ball
3-1: Foul Ball, location: 2F
3-2: Fly out, F4 (Popup, 34D)
Batting: LHB Jesús Reyes 0-0: Ground out 5-3 (Groundball, 5S)
Bottom of the 3rd over - 0 run(s), 0 hit(s), 0 error(s), 0 left on base; Virginia Beach 0 - San Bernardino 2
TOP OF THE 4TH
Virginia Beach Deuces batting - Pitching for San Bernardino Grasshoppers : RHP Eric Clark
Batting: RHB Scott Miller 0-0: Ball
1-0: Ball
2-0: Ball
3-0: Base on Balls
Batting: RHB Javier Santos 0-0: Ball
1-0: Ball
2-0: Reached on error, E6 (Groundball, 6)
Scott Miller to second
Batting: LHB Álex Burgos 0-0: Called Strike
0-1: Grounds into double play, 4-6-3 (Groundball, 4)
Scott Miller to third
Batting: RHB Lorenzo Ramírez 0-0: SINGLE (Line Drive, 89S)
Scott Miller scores
Batting: LHB Carl Gore 0-0: Called Strike
0-1: Ball
1-1: Foul Ball, location: 2F
1-2: Ground out 4-3 (Groundball, 4)
Top of the 4th over - 1 run(s), 1 hit(s), 1 error(s), 1 left on base; Virginia Beach 1 - San Bernardino 2
BOTTOM OF THE 4TH
San Bernardino Grasshoppers batting - Pitching for Virginia Beach Deuces : RHP Felipe Cavazos
Batting: RHB Shawn Hicks 0-0: Called Strike
0-1: Ball
1-1: Ground out 6-3 (Groundball, 6)
Batting: RHB Reggie Kahn 0-0: Called Strike
0-1: Ball
1-1: Ground out 6-3 (Groundball, 6)
Batting: SHB Joreão Canosa 0-0: Called Strike
0-1: Ball
1-1: Ball
2-1: TRIPLE (Line Drive, 9M)
Batting: RHB Justin Roberts 0-0: Called Strike
0-1: SINGLE (Line Drive, 8LS)
Joreão Canosa scores
Batting: RHB Sergio Ortíz 0-0: Swinging Strike
0-1: Fly out, F4 (Popup, 34D)
Bottom of the 4th over - 1 run(s), 2 hit(s), 0 error(s), 1 left on base; Virginia Beach 1 - San Bernardino 3
TOP OF THE 5TH
Virginia Beach Deuces batting - Pitching for San Bernardino Grasshoppers : RHP Eric Clark
Batting: RHB Álex Escobar 0-0: Ball
1-0: Called Strike
1-1: Ground out 6-3 (Groundball, 6M)
Batting: RHB Marcox Fiadeiro 0-0: Swinging Strike
0-1: Foul Ball, location: 2F
0-2: Strikes out looking
Batting: RHB Derrek Church 0-0: Called Strike
0-1: Hit by Pitch
Batting: RHB Joel Frazier 0-0: Foul Ball, location: 2F
0-1: Ball
1-1: Ball
Derrek Church is caught stealing 2nd base
Top of the 5th over - 0 run(s), 0 hit(s), 0 error(s), 0 left on base; Virginia Beach 1 - San Bernardino 3
BOTTOM OF THE 5TH
San Bernardino Grasshoppers batting - Pitching for Virginia Beach Deuces : RHP Felipe Cavazos
Batting: RHB José Paz 0-0: Called Strike
0-1: Ball
1-1: Swinging Strike
1-2: Ball
2-2: Ball
3-2: Ground out 5-3 (Groundball, 56)
Batting: RHB Alfonso López 0-0: Ball
1-0: Ball
2-0: Called Strike
2-1: DOUBLE (Line Drive, 9LM)
Batting: RHB Alfonso Enríquez 0-0: Called Strike
0-1: Swinging Strike
0-2: Ball
1-2: Strikes out looking
Batting: LHB Jesús Reyes 0-0: Ball
1-0: Fly out, F7 (Flyball, 7M)
Bottom of the 5th over - 0 run(s), 1 hit(s), 0 error(s), 1 left on base; Virginia Beach 1 - San Bernardino 3
TOP OF THE 6TH
Virginia Beach Deuces batting - Pitching for San Bernardino Grasshoppers : RHP Eric Clark
Batting: RHB Joel Frazier 0-0: Ball
1-0: Called Strike
1-1: Foul Ball, location: 2F
1-2: SINGLE (Line Drive, 56)
Batting: RHB Scott Miller 0-0: Ball
1-0: Ball
2-0: Sac Bunt - play at first, batter OUT! 3-4
Joel Frazier to second
Batting: RHB Javier Santos 0-0: Ball
1-0: Ball
2-0: Called Strike
2-1: Foul Ball, location: 2F
2-2: Foul Ball, location: 2F
2-2: SINGLE (Line Drive, 9S)
Joel Frazier to third
Runner from 3rd tries for Home, SAFE, no throw or cutoff
Batting: LHB Álex Burgos 0-0: Ball
1-0: Ball
2-0: Foul Ball, location: 2F
2-1: Ball
3-1: Base on Balls
Javier Santos to second
Batting: RHB Lorenzo Ramírez 0-0: Foul Ball, location: 2F
0-1: Ball
1-1: Ball
2-1: Ball
Javier Santos is caught stealing 3rd base
3-1: Ground out 6-3 (Groundball, 6)
Top of the 6th over - 1 run(s), 2 hit(s), 0 error(s), 1 left on base; Virginia Beach 2 - San Bernardino 3
BOTTOM OF THE 6TH
San Bernardino Grasshoppers batting - Pitching for Virginia Beach Deuces : RHP Felipe Cavazos
Batting: RHB Shawn Hicks 0-0: SINGLE (Groundball, 56) (infield hit)
Batting: RHB Reggie Kahn 0-0: Ball
1-0: Ball
2-0: Called Strike
2-1: Ball
3-1: Grounds into double play, 6-4-3 (Groundball, 6)
Batting: SHB Joreão Canosa 0-0: Foul Ball, location: 2F
0-1: Ball
1-1: Foul Ball, location: 2F
1-2: Ball
2-2: Fly out, F7 (Flyball, 7LM)
Bottom of the 6th over - 0 run(s), 1 hit(s), 0 error(s), 0 left on base; Virginia Beach 2 - San Bernardino 3
TOP OF THE 7TH
Virginia Beach Deuces batting - Pitching for San Bernardino Grasshoppers : RHP Eric Clark
Batting: LHB Carl Gore 0-0: Ball
1-0: SINGLE (Line Drive, 4M)
Batting: RHB Álex Escobar 0-0: Fielders Choice at 2nd, 1-4 (Groundball, 13)
Pitching: RHP Mario Pérez
Pinch Hitting: RHB Travis Brumback 0-0: Ball
1-0: SINGLE (Groundball, 56D)
Álex Escobar to second
Pinch Hitting: SHB Daryl Lloyd 0-0: Ball
1-0: Swinging Strike
1-1: Called Strike
1-2: SINGLE (Line Drive, 6D)
Álex Escobar to third
Travis Brumback to second
Batting: RHB Joel Frazier 0-0: Ball
1-0: Swinging Strike
1-1: Foul Ball, location: 2F
1-2: Fly out, F2 (Popup, 25)
Batting: RHB Scott Miller 0-0: SINGLE (Line Drive, 34D)
Álex Escobar scores
Travis Brumback to third
Daryl Lloyd to second
Batting: RHB Javier Santos 0-0: Ball
1-0: Swinging Strike
1-1: Fly out, F7 (Line Drive, 7M)
Top of the 7th over - 1 run(s), 4 hit(s), 0 error(s), 3 left on base; Virginia Beach 3 - San Bernardino 3
BOTTOM OF THE 7TH
San Bernardino Grasshoppers batting - Pitching for Virginia Beach Deuces : RHP Felipe Cavazos
Now in CF: Daryl Lloyd
Now in RF: Enrique González
Batting: RHB Justin Roberts 0-0: Ball
1-0: Called Strike
1-1: Ball
2-1: Ball
3-1: SOLO HOME RUN (Flyball, 78XD), Distance : 436 ft
Batting: RHB Sergio Ortíz 0-0: Swinging Strike
0-1: Ball
1-1: Swinging Strike
1-2: Ball
2-2: Ground out 5-3 (Groundball, 5S)
Batting: RHB José Paz 0-0: Called Strike
0-1: Ground out 5-3 (Groundball, 5S)
Batting: RHB Alfonso López 0-0: Ball
1-0: Ball
2-0: SOLO HOME RUN (Line Drive, 89XD), Distance : 416 ft
Pitching: LHP José Carrasco
Batting: RHB Alfonso Enríquez 0-0: Called Strike
0-1: Foul Ball, location: 2F
0-2: Ball
1-2: Strikes out swinging
Bottom of the 7th over - 2 run(s), 2 hit(s), 0 error(s), 0 left on base; Virginia Beach 3 - San Bernardino 5
TOP OF THE 8TH
Virginia Beach Deuces batting - Pitching for San Bernardino Grasshoppers : RHP Mario Pérez
Now at C: Ron Clark
Batting: LHB Álex Burgos 0-0: Ball
1-0: Ball
2-0: Swinging Strike
2-1: Foul Ball, location: 2F
2-2: Foul Ball, location: 2F
2-2: Strikes out swinging
Batting: RHB Lorenzo Ramírez 0-0: Called Strike
0-1: Ball
1-1: Swinging Strike
1-2: Foul Ball, location: 2F
1-2: Foul Ball, location: 2F
1-2: Ball
2-2: Strikes out swinging
Batting: LHB Carl Gore 0-0: Called Strike
0-1: Ball
1-1: Ball
2-1: DOUBLE (Flyball, 8LM)
Pitching: RHP César Rivera
Batting: RHB Álex Escobar 0-0: Called Strike
0-1: Foul Ball, location: 2F
0-2: Foul Ball, location: 2F
0-2: Ball
1-2: Strikes out looking
Top of the 8th over - 0 run(s), 1 hit(s), 0 error(s), 1 left on base; Virginia Beach 3 - San Bernardino 5
BOTTOM OF THE 8TH
San Bernardino Grasshoppers batting - Pitching for Virginia Beach Deuces : LHP José Carrasco
Batting: LHB Jesús Reyes 0-0: Ball
1-0: DOUBLE (Line Drive, 78S)
Batting: RHB Shawn Hicks 0-0: Called Strike
0-1: Ball
1-1: Fly out, F4 (Popup, 3L)
Batting: RHB Reggie Kahn 0-0: Intentional Walk
Batting: SHB Joreão Canosa 0-0: Ball
1-0: SINGLE (Line Drive, 78M)
Jesús Reyes to third
Reggie Kahn to second
Batting: RHB Ron Clark 0-0: Ball
1-0: Called Strike
1-1: Swinging Strike
1-2: Fly out, F8 (Flyball, 78D)
Runner from 3rd tags up, SCORES, no throw
Batting: RHB Sergio Ortíz 0-0: 3-RUN HOME RUN (Line Drive, 7LD), Distance : 351 ft
Pitching: RHP Roelof van den Hoek
Batting: RHB José Paz 0-0: Ball
1-0: Foul Ball, location: 2F
1-1: Ball
2-1: Ball
3-1: Base on Balls
Batting: RHB Alfonso López 0-0: Called Strike
0-1: Ball
1-1: Called Strike
José Paz steals 2nd base
1-2: Foul Ball, location: 2F
1-2: Fly out, F3 (Popup, 34D)
Bottom of the 8th over - 4 run(s), 3 hit(s), 0 error(s), 1 left on base; Virginia Beach 3 - San Bernardino 9
TOP OF THE 9TH
Virginia Beach Deuces batting - Pitching for San Bernardino Grasshoppers : RHP César Rivera
Batting: LHB Enrique González 0-0: Called Strike
0-1: Called Strike
0-2: Ball
1-2: Ground out 4-3 (Groundball, 4)
Batting: SHB Daryl Lloyd 0-0: Called Strike
0-1: Foul Ball, location: 2F
0-2: Foul Ball, location: 2F
0-2: Strikes out swinging
Batting: RHB Joel Frazier 0-0: Fly out, F3 (Popup, 3SF)
Top of the 9th over - 0 run(s), 0 hit(s), 0 error(s), 0 left on base; Virginia Beach 3 - San Bernardino 9
This league is powered by Out of the Park Baseball, the baseball management simulation game for PC, Mac and Linux
Saturday, July 25th, 2015 - OOTP Baseball 15.6 Build 34